 Dungeon Crawl Stone Soup version 0.28-a0-697-g47f3eba078 (webtiles) character file.

Game seed: 11072762976426416510

1813 ytrimaz the Cleaver (level 9, 0/69 HPs)
             Began as a Formicid Fighter on Oct 24, 2021.
             Was an Initiate of Okawaru.
             Slain by a water moccasin (6 damage)
             ... on level 4 of the Dungeon.
             The game lasted 00:10:25 (5735 turns).

ytrimaz the Cleaver (Formicid Fighter)              Turns: 5735, Time: 00:10:26

Health: 0/69       AC:  8    Str: 25 (27) XL:     9   Next: 31%
Magic:  9/9        EV: 10    Int:  6 (7)  God:    Okawaru [......]
Gold:   259        SH: 10    Dex:  9 (10) Spells: 8/8 levels left

rFire   + . .      SeeInvis +   a - +0 war axe
rCold   + . .      Faith    .   c - +0 buckler
rNeg    . . .      Spirit   .   b - +1 scale mail
rPois   .          Reflect  +   (helmet unavailable)
rElec   .          Harm     .   (no cloak)
rCorr   .          Rampage  .   (no gloves)
Will    +....      Clarity  +   (no boots)
Stlth   ..........              e - amulet of reflection
HPRegen 0.21/turn               i - ring of protection from cold
MPRegen 0.11/turn               l - ring of protection from fire

@: mighty, brilliant
A: permanent stasis, dig shafts and tunnels, antennae 3, four strong arms,
clarity, strong-willed 1, strong 1
a: Dig, Shaft Self, Renounce Religion


You were on level 4 of the Dungeon.
You worshipped Okawaru.
Okawaru was noncommittal.
You visited 2 branches of the dungeon, and saw 7 of its levels.
You also visited: Sewer.

You collected 259 gold pieces.

Inventory:

Hand Weapons
 a - a +0 war axe (weapon)
Armour
 b - a +1 scale mail (worn)
 c - a +0 buckler (worn)
Jewellery
 e - an amulet of reflection (around neck)
 g - a +6 ring of strength
 i - a ring of protection from cold (left hand)
 l - a ring of protection from fire (right hand)
 r - a ring of resist corrosion
Scrolls
 f - a scroll of identify {unknown}
 p - 2 scrolls of amnesia
Potions
 n - 2 potions of flight
 o - a potion of curing


   Skills:
 + Level 5.8 Fighting
 + Level 8.1 Axes
 + Level 6.6 Armour
 + Level 6.6 Shields


You had 8 spell levels left.
You didn't know any spells.
Your spell library contained the following spells:

 Spells                   Type           Power      Damage    Failure   Level
 Corpse Rot               Necr/Air       0%         N/A       85%         2
 Poisonous Vapours        Pois/Air       0%         N/A       85%         2
 Conjure Flame            Conj/Fire      0%         6-21      97%         3
 Gell's Gravitas          Tloc           0%         N/A       97%         3
 Ignite Poison            Fire/Tmut/Pois 0%         N/A       97%         3
 Lesser Beckoning         Tloc           0%         N/A       97%         3
 Teleport Other           Tloc           0%         N/A       97%         3
 Sticky Flame             Conj/Fire      0%         2d3       100%        4


Dungeon Overview and Level Annotations

Branches:
Dungeon (6/15)             Temple (1/1) D:4           Sewer (visited)

Altars:
Ashenzari
Dithmenos
Elyvilon
Fedhas
Gozag
Hepliaklqana
Kikubaaqudgha
Makhleb
Nemelex Xobeh
Okawaru
Qazlal
Ru
Sif Muna
Vehumet
Wu Jian
Xom
Yredelemnul
Zin

Shops:
D:3 :

Annotations:
D:4 1 runed translucent door, Crazy Yiuf


Innate Abilities, Weirdness & Mutations

You cannot be hasted, slowed, berserked, paralysed or teleported.
You can dig through walls and to a lower floor.
You have a pair of large antennae on your head. (SInv)
Your four strong arms can wield two-handed weapons with a shield.
You possess an exceptional clarity of mind.
You are strong-willed. (Will+)
Your muscles are strong. (Str +2)


Message History

You miss the water moccasin.
The water moccasin is severely wounded.
You block the water moccasin's attack. The water moccasin bites you.
You closely miss the water moccasin.
The water moccasin is severely wounded.
The water moccasin bites you but does no damage.
You closely miss the water moccasin.
The water moccasin is severely wounded.
You block the water moccasin's attack. The water moccasin barely misses you.
You barely miss the water moccasin.
The water moccasin is severely wounded.
The water moccasin bites you.
You hit the water moccasin.
The water moccasin is severely wounded.
The water moccasin barely misses you. The water moccasin bites you.
* * * LOW HITPOINT WARNING * * *
You closely miss the water moccasin.
The water moccasin is severely wounded.
The water moccasin bites you.
* * * LOW HITPOINT WARNING * * *
You closely miss the water moccasin.
The water moccasin is severely wounded.
The water moccasin barely misses you.
The water moccasin completely misses you.
It was a potion of brilliance.
You feel clever all of a sudden. The water moccasin bites you!
* * * LOW HITPOINT WARNING * * *
It was a potion of degeneration.
There was something very wrong with that liquid.
You feel weakened.
You feel dopey.
You feel clumsy. The water moccasin barely misses you.
You block the water moccasin's attack.
It was a potion of mutation.
You feel extremely strange.
You feel strong-willed.
You feel stronger.
Your thoughts seem clearer.
You block the water moccasin's attack.
You feel very mighty all of a sudden. The water moccasin bites you.
* * * LOW HITPOINT WARNING * * *
The water moccasin bites you.
You die...

############# #.......O#
......##....# #####........#
##.##.##.##.# ...##.....h..#
#.........#.# ....##........#
............# ....##.......O#
#..⌠...⌠..#.## #....##.........
#.........#..# .....##.........
.....>.......####S....####.#.####
#.........#.....@.# #...r....
#..⌠...⌠..#.#####.# #........
............# ... ##........
#.........### .#.#.....##..###
##.##.##...######....###...#...#
...............................#
........###..#..#..######.###..#
..................<...... ##..#
..................#.... #...#


You could see a water moccasin.

Vanquished Creatures
  Pikel (D:5)
  Sigmund (D:2)
  Edmund (D:4)
  Duvessa (D:4)
  A black bear (D:4)
  A centaur (D:5)
  2 lemures (D:5)
  A kobold brigand (Sewer)
  4 scorpions
  Dowan (D:4)
  2 bullfrog zombies
  2 jellies
  A hound (D:5)
  A centaur skeleton (D:5)
  Ijyb (D:4)
  2 orc wizards (D:5)
  A howler monkey skeleton (D:4)
  4 gnolls (D:3)
  7 adders
  A river rat (Sewer)
  A white imp (D:5)
  2 worms (D:2)
  2 dart slugs (D:1)
  7 orcs
  5 endoplasms
  4 giant cockroaches
  11 goblins
  4 hobgoblins
  4 jackals
  10 kobolds
  6 quokkas
  13 ball pythons
  8 bats
  9 rats
122 creatures vanquished.

Vanquished Creatures (others)
  A plant (D:4)
1 creature vanquished.

Grand Total: 123 creatures vanquished

Notes
Turn   | Place    | Note
-------+----------+-------------------------------------------
     0 | D:1      | ytrimaz the Formicid Fighter began the quest for the Orb.
     0 | D:1      | Reached XP level 1. HP: 18/18 MP: 1/1
   133 | D:1      | Reached XP level 2. HP: 24/24 MP: 2/2
   452 | D:1      | Reached XP level 3. HP: 26/29 MP: 3/3
   485 | D:1      | Found a faded altar of an unknown god.
  1161 | D:2      | Reached XP level 4. HP: 35/37 MP: 1/4
  1164 | D:2      | Found a basalt altar of Yredelemnul.
  1181 | D:2      | Reached skill level 3 in Axes
  1547 | D:2      | Noticed Sigmund
  1552 | D:2      | Killed Sigmund
  1553 | D:2      | Reached skill level 4 in Axes
  1553 | D:2      | Reached XP level 5. HP: 43/43 MP: 5/5
  1553 | D:2      | Reached XP level 6. HP: 49/49 MP: 6/6
  2041 | D:3      | You fall into a shaft and drop 3 floors!
  2066 | D:5      | Entered Level 5 of the Dungeon
  2133 | D:5      | Reached XP level 7. HP: 41/55 MP: 7/7
  2136 | D:5      | Reached skill level 5 in Axes
  2294 | D:5      | Found a glowing drain.
  2303 | Sewer    | Entered a sewer
  2501 | Sewer    | Found a white marble altar of Elyvilon.
  2765 | D:4      | Noticed Ijyb
  2765 | D:4      | Noticed Edmund
  2776 | D:5      | Reached skill level 5 in Armour
  3027 | D:5      | Noticed Pikel
  3038 | D:5      | Killed Pikel
  3039 | D:5      | Reached skill level 5 in Fighting
  3039 | D:5      | Reached skill level 6 in Axes
  3039 | D:5      | Reached skill level 5 in Shields
  3039 | D:5      | Reached XP level 8. HP: 51/62 MP: 8/8
  3521 | D:4      | Noticed a two-headed ogre
  3562 | D:4      | Found a runed translucent door.
  3563 | D:4      | Noticed Crazy Yiuf
  3568 | D:4      | You fall into a shaft and drop 1 floor!
  3621 | D:4      | Reached skill level 7 in Axes
  4241 | D:3      | Found Qegran's Book Emporium.
  4251 | D:3      | Reached XP level 9. HP: 49/68 MP: 9/9
  4952 | D:4      | Noticed Dowan
  4977 | D:4      | Killed Edmund
  4979 | D:4      | Killed Ijyb
  4983 | D:4      | Killed Dowan
  5047 | D:4      | Noticed Duvessa
  5209 | D:4      | Killed Duvessa
  5210 | D:4      | Reached skill level 8 in Axes
  5412 | D:4      | Found a staircase to the Ecumenical Temple.
  5445 | Temple   | Entered the Ecumenical Temple
  5582 | Temple   | Became a worshipper of Warmaster Okawaru
  5734 | D:4      | Gained mutation: You are strong-willed. (Will+) [potion of
                  | mutation]
  5734 | D:4      | Gained mutation: Your muscles are strong. (Str +2) [potion
                  | of mutation]
  5734 | D:4      | Gained mutation: You possess an exceptional clarity of
                  | mind. [potion of mutation]
  5735 | D:4      | Slain by a water moccasin

Illustrated notes

Levels and vault maps discovered:
D:1:      psy_arrival_dodecagon, layout_rooms,
          ebering_ecumenical_altar_petrified
D:2:      layout_basic, basic_altar, uniq_sigmund
D:3:      layout_loops_corners, serial_shops, nicolae_shop_statue_plus,
          minmay_misc_feat_tower, chequers_serial_rivers_room_a
D:4:      layout_rooms, minmay_temple_entry_large_hall, serial_bayou_pond_b,
          uniq_crazy_yiuf_cottage, uniq_ijyb, uniq_duvessa, uniq_edmund
D:5:      layout_loops_ring, portal_sewer_entry_d, uniq_pikel
D:6:      layout_loops_ring
Temple:   regret_index_temple_mists

Skill      XL: |  1  2  3  4  5  6  7  8  9 |
---------------+----------------------------+-----
Shields        | 4 5 6 |  6.6
Axes           | 4 6 7 8 |  8.1
Fighting       | 4 5 |  5.8
Armour         | 4 5 6 |  6.6

Action                   |  1- 3 |  4- 6 |  7- 9 || total
-------------------------+-------+-------+-------++-------
Melee: War axe           |   114 |    75 |   221 ||   410
 Abil: Dig               |     1 |       |       ||     1
       Shaft Self        |       |       |     1 ||     1
  Use: Scroll            |     4 |     3 |     1 ||     8
       Potion            |       |     1 |     9 ||    10
Armor: Scale mail        |    61 |    29 |    87 ||   177
Dodge: Dodged            |    62 |    25 |    79 ||   166
Block: Buckler           |    31 |    34 |   130 ||   195
       Reflection        |       |     1 |     2 ||     3

Table legend: (Time is in decaauts)
 A = Elapsed time spent in this place.
 B = Non-inter-level travel time spent in this place.
 C = Inter-level travel time spent in this place.
 D = Time resting spent in this place.
 E = Time spent auto-exploring this place.
 F = Levels seen in this place.
 G = Mean time per level.
                   A        B        C        D        E       F      G
               +--------+--------+--------+--------+--------+-----+--------+
         Total |   5923 |   5802 |    121 |   1269 |   2969 |   8 |  740.4 |
       Dungeon |   5291 |   5198 |     93 |   1155 |   2634 |   6 |  881.8 |
        Temple |    291 |    263 |     28 |      0 |    237 |   1 |  291.0 |
         Sewer |    340 |    340 |      0 |    114 |     98 |   1 |  340.0 |
               +--------+--------+--------+--------+--------+-----+--------+

Top non-repeatable levels by time:
     D:3: 1384 daAuts
     D:5: 1186 daAuts
     D:1: 1105 daAuts
     D:2: 819 daAuts
     D:4: 771 daAuts
   Sewer: 340 daAuts
  Temple: 291 daAuts
     D:6: 24 daAuts
